MWL (24 & UNDER)
PLUMSTEAD EAGLES @ BEMIDJI BENDERS
06/01/2027
 
TOP OF THE 1ST
Plumstead Eagles batting - Pitching for Bemidji Benders : RHP Paço Boda
Pitching: RHP Paço Boda
Batting: RHB Pablo Villarreal 0-0: Called Strike
0-1: Foul Ball, location: 2F
0-2: Ball
1-2: Fly out, F9 (Flyball, 9)
Batting: RHB José Moreno 0-0: SINGLE (Line Drive, 4MD)
Batting: LHB António Salazar 0-0: Called Strike
0-1: Ball
1-1: Ball
2-1: Ball
3-1: Called Strike
3-2: Ground out 4-3 (Groundball, 4D)
José Moreno to second
Batting: RHB Howard Johnson 0-0: Ball
1-0: Ball
2-0: Called Strike
2-1: Foul Ball, location: 2F
2-2: Foul Ball, location: 2F
2-2: Fly out, F8 (Flyball, 8LS)
Top of the 1st over - 0 run(s), 1 hit(s), 0 error(s), 1 left on base; Plumstead 0 - Bemidji 0
BOTTOM OF THE 1ST
Bemidji Benders batting - Pitching for Plumstead Eagles : RHP Cory Powell
Pitching: RHP Cory Powell
Batting: LHB Simão Polido 0-0: Ball
1-0: Called Strike
1-1: Ball
2-1: Called Strike
2-2: Strikes out swinging
Batting: LHB Pat Carroll 0-0: Called Strike
0-1: Ball
1-1: Ball
2-1: Called Strike
2-2: Hit by Pitch
Batting: RHB Robert Rose 0-0: Ball
1-0: Grounds into double play, 1-6-3 (Groundball, P)
Bottom of the 1st over - 0 run(s), 0 hit(s), 0 error(s), 0 left on base; Plumstead 0 - Bemidji 0
TOP OF THE 2ND
Plumstead Eagles batting - Pitching for Bemidji Benders : RHP Paço Boda
Batting: RHB Juan Caceres 0-0: Ground out 6-3 (Groundball, 6)
Batting: RHB Jason Powers 0-0: Called Strike
0-1: Ball
1-1: Foul Ball, location: 2F
1-2: Ball
2-2: Strikes out swinging
Batting: RHB Diego Ledezma 0-0: Foul Ball, location: 2F
0-1: Swinging Strike
0-2: Ball
1-2: Ball
2-2: Strikes out swinging
Top of the 2nd over - 0 run(s), 0 hit(s), 0 error(s), 0 left on base; Plumstead 0 - Bemidji 0
BOTTOM OF THE 2ND
Bemidji Benders batting - Pitching for Plumstead Eagles : RHP Cory Powell
Batting: SHB Gary Williams 0-0: Called Strike
0-1: Called Strike
0-2: Foul Ball, location: 2F
0-2: Ball
1-2: SINGLE (Flyball, 78S)
Batting: SHB Jorge Aguilar 0-0: Swinging Strike
0-1: Called Strike
0-2: Strikes out swinging
Batting: RHB Taylor Justice 0-0: Swinging Strike
0-1: Swinging Strike
0-2: Foul Ball, location: 2F
0-2: Strikes out swinging
Batting: RHB Luis Samaripa 0-0: SINGLE (Groundball, 6MD)
Gary Williams to second
Runner from 2nd tries for 3rd, SAFE, throw made to third
Batting: SHB Frank Grant 0-0: Ball
1-0: Fly out, F8 (Flyball, 8LM)
Bottom of the 2nd over - 0 run(s), 2 hit(s), 0 error(s), 2 left on base; Plumstead 0 - Bemidji 0
TOP OF THE 3RD
Plumstead Eagles batting - Pitching for Bemidji Benders : RHP Paço Boda
Batting: RHB Carlos Palomón 0-0: Ball
1-0: Ball
2-0: Ball
3-0: Called Strike
3-1: Swinging Strike
3-2: Strikes out swinging
Batting: SHB Arturo Sánchez 0-0: Ball
1-0: Called Strike
1-1: Ball
2-1: Swinging Strike
2-2: Foul Ball, location: 2F
2-2: Strikes out swinging
Batting: RHB Pablo Villarreal 0-0: Called Strike
0-1: Called Strike
0-2: Ball
1-2: SINGLE (Line Drive, 9LS)
Batting: RHB José Moreno 0-0: Ball
Pablo Villarreal is caught stealing 2nd base
Top of the 3rd over - 0 run(s), 1 hit(s), 0 error(s), 0 left on base; Plumstead 0 - Bemidji 0
BOTTOM OF THE 3RD
Bemidji Benders batting - Pitching for Plumstead Eagles : RHP Cory Powell
Batting: RHB John Jones 0-0: Swinging Strike
0-1: Swinging Strike
0-2: Ball
1-2: Foul Ball, location: 2F
1-2: Fly out, F7 (Line Drive, 7)
Batting: LHB Simão Polido 0-0: Ball
1-0: Called Strike
1-1: Ball
2-1: SINGLE (Groundball, 4MD)
Batting: LHB Pat Carroll 0-0: Swinging Strike
0-1: Called Strike
0-2: Strikes out swinging
Batting: RHB Robert Rose 0-0: Called Strike
0-1: Ball
1-1: Called Strike
1-2: Ball
2-2: Ball
3-2: Strikes out swinging
Bottom of the 3rd over - 0 run(s), 1 hit(s), 0 error(s), 1 left on base; Plumstead 0 - Bemidji 0
TOP OF THE 4TH
Plumstead Eagles batting - Pitching for Bemidji Benders : RHP Paço Boda
Batting: RHB José Moreno 0-0: Called Strike
0-1: Swinging Strike
0-2: Ground out 4-3 (Groundball, 4)
Batting: LHB António Salazar 0-0: Ball
1-0: Ball
2-0: SINGLE (Flyball, 8RS)
Batting: RHB Howard Johnson 0-0: Called Strike
António Salazar steals 2nd base
0-1: Called Strike
0-2: Ball
1-2: Ball
2-2: Strikes out swinging
Batting: RHB Juan Caceres 0-0: Fly out, F9 (Line Drive, 9S)
Top of the 4th over - 0 run(s), 1 hit(s), 0 error(s), 1 left on base; Plumstead 0 - Bemidji 0
BOTTOM OF THE 4TH
Bemidji Benders batting - Pitching for Plumstead Eagles : RHP Cory Powell
Batting: SHB Gary Williams 0-0: Foul Ball, location: 2F
0-1: Swinging Strike
0-2: Ball
1-2: Strikes out swinging
Pitching: RHP Manny Ramos
Batting: SHB Jorge Aguilar 0-0: Ball
1-0: Fly out, F9 (Flyball, 9S)
Batting: RHB Taylor Justice 0-0: Ball
1-0: Ground out 6-3 (Groundball, 6)
Bottom of the 4th over - 0 run(s), 0 hit(s), 0 error(s), 0 left on base; Plumstead 0 - Bemidji 0
TOP OF THE 5TH
Plumstead Eagles batting - Pitching for Bemidji Benders : RHP Paço Boda
Batting: RHB Jason Powers 0-0: Called Strike
0-1: Ball
1-1: Ball
2-1: Ground out 1-3 (Groundball, P)
Batting: RHB Diego Ledezma 0-0: Called Strike
0-1: Called Strike
0-2: Ball
1-2: Strikes out swinging
Batting: RHB Carlos Palomón 0-0: Ball
1-0: Ball
2-0: SINGLE (Groundball, 6MD)
Pitching: RHP Sergio Hernández
Batting: SHB Arturo Sánchez 0-0: Ball
1-0: Called Strike
1-1: Ball
2-1: Foul Ball, location: 2F
2-2: Strikes out swinging
Top of the 5th over - 0 run(s), 1 hit(s), 0 error(s), 1 left on base; Plumstead 0 - Bemidji 0
BOTTOM OF THE 5TH
Bemidji Benders batting - Pitching for Plumstead Eagles : RHP Manny Ramos
Batting: RHB Luis Samaripa 0-0: Ball
1-0: Called Strike
1-1: Foul Ball, location: 2F
1-2: Ball
2-2: Foul Ball, location: 2F
2-2: Ball
3-2: Base on Balls
Batting: SHB Frank Grant 0-0: Ball
1-0: Called Strike
1-1: Ball
2-1: Swinging Strike
2-2: Strikes out swinging
Batting: RHB John Jones 0-0: Called Strike
0-1: Ball
1-1: Ball
2-1: SINGLE (Groundball, 4MD)
Luis Samaripa to second
Runner from 2nd tries for 3rd, SAFE, no throw
Batting: LHB Simão Polido 0-0: Called Strike
0-1: Ball
1-1: Ball
2-1: Ball
3-1: DOUBLE (Groundball, 3L)
Luis Samaripa scores
John Jones to third
Batting: LHB Pat Carroll 0-0: Foul Ball, location: 2F
0-1: Swinging Strike
0-2: Strikes out swinging
Batting: RHB Robert Rose 0-0: Ball
1-0: Ground out 6-3 (Groundball, 6S)
Bottom of the 5th over - 1 run(s), 2 hit(s), 0 error(s), 2 left on base; Plumstead 0 - Bemidji 1
TOP OF THE 6TH
Plumstead Eagles batting - Pitching for Bemidji Benders : RHP Sergio Hernández
Batting: RHB Pablo Villarreal 0-0: Fly out, F6 (Line Drive, 6M)
Batting: RHB José Moreno 0-0: Swinging Strike
0-1: Swinging Strike
0-2: Foul Ball, location: 2F
0-2: Foul Ball, location: 2F
0-2: Ball
1-2: Strikes out swinging
Batting: LHB António Salazar 0-0: Ball
1-0: Ground out U3 (Groundball, 3S)
Top of the 6th over - 0 run(s), 0 hit(s), 0 error(s), 0 left on base; Plumstead 0 - Bemidji 1
BOTTOM OF THE 6TH
Bemidji Benders batting - Pitching for Plumstead Eagles : RHP Manny Ramos
Pitching: LHP Pedro Rosado
Batting: SHB Gary Williams 0-0: Foul Ball, location: 2F
0-1: Foul Ball, location: 2F
0-2: Ball
1-2: Strikes out swinging
Batting: SHB Jorge Aguilar 0-0: Foul Ball, location: 2F
0-1: Fly out, F3 (Popup, 3L)
Batting: RHB Taylor Justice 0-0: Ball
1-0: Swinging Strike
1-1: Fly out, F9 (Flyball, 9)
Bottom of the 6th over - 0 run(s), 0 hit(s), 0 error(s), 0 left on base; Plumstead 0 - Bemidji 1
TOP OF THE 7TH
Plumstead Eagles batting - Pitching for Bemidji Benders : RHP Sergio Hernández
Batting: RHB Howard Johnson 0-0: Ball
1-0: Ball
2-0: Fly out, F3 (Line Drive, 3)
Batting: RHB Juan Caceres 0-0: Called Strike
0-1: Ball
1-1: Ball
2-1: Ball
3-1: Base on Balls
Batting: RHB Jason Powers 0-0: Called Strike
0-1: Foul Ball, location: 2F
0-2: Strikes out swinging
Batting: RHB Diego Ledezma 0-0: Called Strike
0-1: Ball
1-1: Ball
Juan Caceres steals 2nd base
2-1: Called Strike
2-2: Ball
3-2: Strikes out looking
Top of the 7th over - 0 run(s), 0 hit(s), 0 error(s), 1 left on base; Plumstead 0 - Bemidji 1
BOTTOM OF THE 7TH
Bemidji Benders batting - Pitching for Plumstead Eagles : LHP Pedro Rosado
Batting: RHB Luis Samaripa 0-0: Called Strike
0-1: Called Strike
0-2: Strikes out swinging
Pitching: LHP Joe Cates
Batting: SHB Frank Grant 0-0: Ball
1-0: Ball
2-0: Ball
3-0: Called Strike
3-1: Called Strike
3-2: Strikes out swinging
Batting: RHB John Jones 0-0: Ball
1-0: Called Strike
1-1: SOLO HOME RUN (Flyball, 7D), Distance : 350 ft
Batting: LHB Simão Polido 0-0: Ground out U3 (Groundball, 3)
Bottom of the 7th over - 1 run(s), 1 hit(s), 0 error(s), 0 left on base; Plumstead 0 - Bemidji 2
TOP OF THE 8TH
Plumstead Eagles batting - Pitching for Bemidji Benders : RHP Sergio Hernández
Now in CF: Pedro López
Batting: RHB Carlos Palomón 0-0: Called Strike
0-1: Ball
1-1: Ball
2-1: Swinging Strike
2-2: Strikes out swinging
Batting: SHB Arturo Sánchez 0-0: Ball
1-0: Called Strike
1-1: Called Strike
1-2: Ball
2-2: Foul Ball, location: 2F
2-2: Foul Ball, location: 2F
2-2: Strikes out looking
Batting: RHB Pablo Villarreal 0-0: Ball
1-0: Ball
2-0: Foul Ball, location: 2F
2-1: Ground out 4-3 (Groundball, 4S)
Top of the 8th over - 0 run(s), 0 hit(s), 0 error(s), 0 left on base; Plumstead 0 - Bemidji 2
BOTTOM OF THE 8TH
Bemidji Benders batting - Pitching for Plumstead Eagles : LHP Joe Cates
Batting: LHB Pat Carroll 0-0: Called Strike
0-1: Foul Ball, location: 2F
0-2: Ground out 1-3 (Groundball, 13)
Pitching: LHP Pat Bruce
Batting: RHB Robert Rose 0-0: SINGLE (Groundball, 6S) (infield hit)
Pitching: LHP Holden Clark
Batting: SHB Gary Williams 0-0: Ball
1-0: Ball
2-0: Called Strike
2-1: Fly out, F5 (Popup, 15)
Batting: SHB Jorge Aguilar 0-0: Called Strike
0-1: Ball
1-1: Called Strike
1-2: Foul Ball, location: 2F
1-2: Strikes out swinging
Bottom of the 8th over - 0 run(s), 1 hit(s), 0 error(s), 1 left on base; Plumstead 0 - Bemidji 2
TOP OF THE 9TH
Plumstead Eagles batting - Pitching for Bemidji Benders : RHP Sergio Hernández
Pitching: RHP Ambrose Palmer
Batting: RHB José Moreno 0-0: Ball
1-0: Foul Ball, location: 2F
1-1: DOUBLE (Line Drive, 7LM)
Batting: LHB António Salazar 0-0: Foul Ball, location: 2F
0-1: Ball
1-1: Ball
2-1: Foul Ball, location: 2F
2-2: Ball
3-2: Base on Balls
Pinch Hitting: RHB Ethan Moore 0-0: Ball
1-0: Swinging Strike
1-1: Ball
Wild Pitch!
José Moreno to third
António Salazar to second
2-1: Foul Ball, location: 2F
2-2: Strikes out swinging
Batting: RHB Juan Caceres 0-0: Ball
1-0: Ground out 6-3 (Groundball, 6)
José Moreno scores
António Salazar to third
Pinch Hitting: RHB Rob Brady 0-0: Called Strike
0-1: Called Strike
0-2: Strikes out swinging
Top of the 9th over - 1 run(s), 1 hit(s), 0 error(s), 1 left on base; Plumstead 1 - Bemidji 2
Thursday, March 30th, 2017 - OOTP Baseball 17.12 Build 75